 Dungeon Crawl Stone Soup version 0.27.1-33-g824d729ab1 (webtiles) character file.

Game seed: 16284637762344916870

237 Gabide the Poker (level 6, 0/48 HPs)
             Began as a Human Monk on Dec 6, 2021.
             Slain by an orc (3 damage)
             ... on level 3 of the Dungeon on Dec 7, 2021.
             The game lasted 00:09:17 (4860 turns).

Gabide the Poker (Human Monk)                       Turns: 4860, Time: 00:09:19

Health: 0/48       AC:  3    Str: 10 (12) XL:     6   Next: 28%
Magic:  6/6        EV: 13    Int:  9 (10) God:
Gold:   36         SH:  0    Dex: 16 (17) Spells: 5/5 levels left

rFire    . . .     SeeInvis .   f - +0 halberd
rCold    . . .     Faith    .   (shield currently unavailable)
rNeg     . . .     Spirit   .   b - +0 robe
rPois    .         Reflect  .   h - +0 helmet
rElec    .         Harm     .   (no cloak)
rCorr    .         Rampage  .   (no gloves)
Will     +....                  (no boots)
Stlth    ++........             c - amulet of the acrobat
HPRegen  0.16/turn              g - ring of willpower
MPRegen  0.10/turn              (no ring)

@: no status effects
A: no striking features
a: no special abilities


You were on level 3 of the Dungeon.
You visited 1 branch of the dungeon, and saw 4 of its levels.

You collected 140 gold pieces.
You spent 104 gold pieces at shops.

Inventory:

Hand Weapons
 a - a +0 spear
 f - a +0 halberd (weapon)
Armour
 b - a +0 robe (worn)
 d - a +0 scale mail
 h - a +0 helmet (worn)
Jewellery
 c - an amulet of the acrobat (around neck)
 g - a ring of willpower (left hand)
Scrolls
 e - a scroll of vulnerability {unknown}
 j - a scroll of identify {unknown}
Potions
 i - a potion of might
 k - a potion of haste {unknown}
 l - a potion of lignification {unknown}
 m - a potion of attraction {unknown}


   Skills:
 + Level 3.8 Fighting
 + Level 5.0 Polearms
 + Level 3.8 Dodging
 + Level 3.2 Stealth


You had 5 spell levels left.
You didn't know any spells.
Your spell library was empty.

Dungeon Overview and Level Annotations

Branches:
Dungeon (4/15)
 Temple: D:4-7

Altars:
Vehumet

Shops:
D:2 !   D:3 =

Annotations:
D:1 Terence


Message History

You barely miss the orc priest. The orc priest barely misses you.
The orc hits you with a +0 dagger.
The orc priest hits you with a +0 dagger.
You hit the orc priest but do no damage.
The orc hits you with a +0 dagger.
The orc priest hits you with a +0 dagger.
You slash the orc priest!
The orc priest is heavily wounded.
The orc hits you but does no damage.
The orc priest calls down the wrath of Beogh upon you.
Beogh smites you!
You are too injured to fight recklessly!
You are too injured to fight recklessly!
You are too injured to fight recklessly!
You are too injured to fight recklessly!
You are too injured to fight recklessly!
You are too injured to fight recklessly!
You are too injured to fight recklessly!
You are too injured to fight recklessly!
You are too injured to fight recklessly!
You are too injured to fight recklessly!
You are too injured to fight recklessly!
You are too injured to fight recklessly!
You are too injured to fight recklessly!
You are too injured to fight recklessly!
You are too injured to fight recklessly!
You are too injured to fight recklessly!
The orc hits you but does no damage.
The orc priest casts a cantrip, but nothing happens.
You climb upwards.
There is a stone staircase leading down here.
The orc priest closely misses you.
You puncture the orc priest!
The orc priest is almost dead.
The orc misses you.
The orc priest invokes the aid of Beogh against you.
Beogh smites you!
* * * LOW HITPOINT WARNING * * *
The orc hits you with a +0 dagger.
You die...

##################
#####................#
......##############.############
....### #............. ....#
########################## ....#
#........o>.# ....##
#.####...@o.############## ...<.#
#.# #.####...[..........# .....#
#.# #># #.############.# .....#
#.# #.# #......# #.' ....∩# #.#
#.# ######.##### ### .....###.#
#.# #.......# # ####.....# #.#
#.#####.# # #
#.########.#######.# #.#####
#..................# #......


You could see an orc priest and an orc.

Vanquished Creatures
  A water moccasin skeleton (D:3)
  Jessica (D:2)
  An orc wizard (D:4)
  Robin (D:2)
  3 adders (D:2)
  4 gnolls
  A dart slug (D:2)
  2 orcs (D:3)
  3 bats
  3 endoplasms (D:1)
  16 goblins
  5 hobgoblins
  A quokka (D:1)
  6 ball pythons
  2 frilled lizards (D:1)
  5 kobolds
  4 rats
59 creatures vanquished.

Notes
Turn   | Place    | Note
-------+----------+-------------------------------------------
     0 | D:1      | Gabide the Human Monk began the quest for the Orb.
     0 | D:1      | Reached XP level 1. HP: 18/18 MP: 1/1
   198 | D:1      | Reached XP level 2. HP: 24/24 MP: 2/2
   510 | D:1      | Reached XP level 3. HP: 27/29 MP: 3/3
  1484 | D:2      | Noticed Terence
  1954 | D:2      | Reached XP level 4. HP: 11/35 MP: 4/4
  2333 | D:2      | Noticed Robin
  2345 | D:2      | Killed Robin
  2573 | D:2      | Noticed Jessica
  2597 | D:2      | Killed Jessica
  2598 | D:2      | Reached skill level 4 in Polearms
  2598 | D:2      | Reached XP level 5. HP: 30/41 MP: 5/5
  2820 | D:2      | Found Yhorihomu's Distillery.
  2828 | D:2      | Bought 2 potions of might for 104 gold pieces
  3845 | D:3      | Found a faded altar of an unknown god.
  3891 | D:3      | Found Veazady's Jewellery Boutique.
  4147 | D:3      | Reached XP level 6. HP: 32/48 MP: 6/6
  4320 | D:3      | Found a radiant altar of Vehumet.
  4522 | D:4      | Reached skill level 5 in Polearms
  4860 | D:3      | Slain by an orc

Illustrated notes

Levels and vault maps discovered:
D:1:      erik_arrival_cave_to_civilisation [erik_arrival_cave_to_hall],
          layout_basic
D:2:      layout_basic, serial_shops, shop, uniq_jessica, uniq_robin,
          uniq_terence
D:3:      layout_loops_ring, nicolae_vehumet_altar_sigil, serial_shops, shop,
          hellmonk_ecumenical_altar_lost_god, serial_bayou_lagoon_b
D:4:      layout_loops_ring, due_unseen_surprise, uniq_edmund

Skill      XL: |  1  2  3  4  5  6 |
---------------+-------------------+-----
Polearms       | 4 5 |  5.0
Stealth        | 3 |  3.2
Fighting       | |  3.8
Dodging        | |  3.8

Action                   |  1- 3 |  4- 6 || total
-------------------------+-------+-------++-------
Melee: Spear             |   129 |    82 ||   211
       Halberd           |       |    47 ||    47
  Use: Potion            |     2 |     2 ||     4
       Scroll            |     1 |       ||     1
 Stab: Sleeping          |     7 |     2 ||     9
Armor: Robe              |     7 |    16 ||    23
Dodge: Dodged            |    57 |    86 ||   143
